 Dungeon Crawl Stone Soup version bcrawl-1.31.4 (webtiles) character file.

Game seed: 3095623617476203237

119619 Morbidden the Sneak (level 2, 17/25 HPs)
             Began as a Draconian Sloth Apostle on June 9, 2021.
             Was an Initiate of Cheibriados.
             Quit the game on level 1 of the Dungeon.
             The game lasted 00:00:37 (774 turns).

Morbidden the Sneak (Draconian Sloth Apostle)        Turns: 774, Time: 00:00:38

Health: 17/25      AC:  4    Str: 15    XL:     2   Next: 96%
Magic:  3/3        EV:  6    Int: 13    God:    Cheibriados [......]
Gold:   13         SH:  8    Dex: 11    Spells: 2/3 levels left

rFire    . . .     SeeInvis .   a - +0 spear
rCold    . . .     Gourm    .   b - +0 medium shield
rNeg     . . .     Faith    .   (armour unavailable)
rPois    .         Spirit   .   (helmet restricted)
rElec    .         Reflect  .   (no cloak)
rCorr    .         Harm     .   (no gloves)
MR       .....                  (no boots)
Stlth    ++........             (no amulet)
HPRegen  0.08/turn              (no ring)
MPRegen  0.08/turn              (no ring)

@: very slow
A: unfitting armour, cold-blooded, AC +4
a: Bend Time, Renounce Religion


You were on level 1 of the Dungeon.
You worshipped Cheibriados.
Cheibriados was noncommittal.
You were not hungry.

You visited 1 branch of the dungeon, and saw 1 of its levels.

You collected 13 gold pieces.

Inventory:

Hand Weapons
 a - a +0 spear (weapon)
Armour
 b - a +0 medium shield (worn)
Wands
 c - a wand of paralysis (10)
Scrolls
 g - a scroll of amnesia {unknown}
 h - a scroll of teleportation {unknown}
Potions
 f - a potion of flight {unknown}
 i - a potion of haste {unknown}
Comestibles
 e - 3 rations {!d}


   Skills:
 + Level 2.3 Fighting
 + Level 2.1 Polearms
 + Level 0.1 Dodging
 + Level 3.5 Stealth
 + Level 2.3 Shields
 + Level 1.0 Spellcasting
 + Level 1.7 Hexes
 * Level 1.1 Invocations
 + Level 1.0 Evocations


You had 2 spell levels left.
You knew the following spells:

 Your Spells              Type           Power        Failure   Level  Hunger
a - Slow                  Hex            #.......     95%         1    None
Your spell library was empty.

Dungeon Overview and Level Annotations

Branches:
Dungeon (1/12)

Altars:


Innate Abilities, Weirdness & Mutations

Your plain brown scales are hard. (AC +4)
You cannot fit into any form of body armour.
You are cold-blooded and may be slowed by cold attacks.


Message History

The giant cockroach is heavily wounded.
The kobold hits you with a +0 dagger. The giant cockroach closely misses you.
You block the kobold's attack.
You hit the giant cockroach.
The giant cockroach is almost dead.
You block the giant cockroach's attack. You block the kobold's attack. x2
There are monsters nearby!
You closely miss the giant cockroach.
You tail-slap the giant cockroach, but do no damage.
The giant cockroach is almost dead.
The giant cockroach bites you but does no damage.
You block the kobold's attack.
A rat comes into view.
The kobold hits you but does no damage. The giant cockroach bites you.
There are monsters nearby!
You hit the giant cockroach.
You kill the giant cockroach!
Cheibriados thoroughly appreciates the change of pace.
The kobold barely misses you. The kobold hits you with a +0 dagger.
Are you sure you want to abandon this character and quit the game? (Confirm with "yes".)

.# [# #. .##### #r. # .#...# #..
# .# .#...# #..#. ## ..# ##...#
#...##.##...# .....#
#.......)...# .....# #..K.g.....#
....## #...@K.....#
....#########$.........#
...........##..........# #######
....######'##........>.# #......
....# #..............# #......
....# #..............# #......
....# #.....########### #......
....# #.....# #...# #......
#########.....#######...###......


You could see a goblin, 2 kobolds and a rat.

Vanquished Creatures
  An ooze (D:1)
  2 dart slugs (D:1)
  2 giant cockroaches (D:1)
  2 hobgoblins (D:1)
  A kobold (D:1)
  4 bats (D:1)
  2 frilled lizards (D:1)
  3 goblins (D:1)
  4 rats (D:1)
21 creatures vanquished.

Notes
Turn   | Place    | Note
-------+----------+-------------------------------------------
     0 | D:1      | Morbidden the Draconian Sloth Apostle began the quest for
                  | the Orb.
     0 | D:1      | Reached XP level 1. HP: 17/17 MP: 2/2
   351 | D:1      | Reached XP level 2. HP: 19/24 MP: 3/3
   540 | D:1      | Reached skill level 1 in Invocations
   774 | D:1      | Quit the game

Skill      XL: |  1  2 |
---------------+-------+-----
Invocations    | 1 |  1.1
Fighting       | |  2.3
Polearms       | |  2.1
Dodging        | |  0.1
Stealth        | |  3.5
Shields        | |  2.3
Spellcasting   | |  1.0
Hexes          | |  1.7
Evocations     | |  1.0

Action                   || total
-------------------------++-------
Melee: Spear             ||    79
       Tailslap          ||    10
 Stab: Sleeping          ||     4
  Eat: Chunk             ||     2
Armor: Skin              ||    33
Dodge: Dodged            ||    13
Block: Medium shield     ||    31
